 Dungeon Crawl Stone Soup version 0.30-a0-715-gdb4ae3ece1 (webtiles) character file.

Game seed: 13931485541241502190

212 dduke234 the Chopper (level 5, 0/48 HPs)
             Began as a Hill Orc Monk on Jan 24, 2023.
             Splashed by a jelly's acid (8 damage)
             ... on level 4 of the Dungeon.
             The game lasted 00:11:59 (2973 turns).

dduke234 the Chopper (Hill Orc Monk)                Turns: 2973, Time: 00:11:59

Health: 0/48       AC: -7    Str: 16      XL:     5   Next: 90%
Magic:  5/5        EV: 10    Int: 18 (20) God:
Gold:   131        SH:  0    Dex: 16 (17) Spells: 4/4 levels left

rFire   + . .      SeeInvis .    r - +0 war axe
rCold   . . .      Faith    .    (no shield)
rNeg    . . .      Spirit   .    i - +0 scale mail
rPois   .          Reflect  .    p - +1 helmet "Vide" {Int+4 Dex+4}
rElec   .          Harm     .    (no cloak)
rCorr   .          Rampage  .    (no gloves)
Will    .....                    (no boots)
Stlth   +                        (no amulet)
HPRegen 0.28/turn                l - +6 ring of intelligence
MPRegen 0.09/turn                n - ring of protection from fire

@: corroded
A: no striking features
a: no special abilities


You were on level 4 of the Dungeon.
You visited 1 branch of the dungeon, and saw 4 of its levels.

You collected 131 gold pieces.

Inventory:

Hand Weapons
 a - a +0 hand axe
 r - a +0 war axe (weapon)
Armour
 b - a +0 robe
 i - a +0 scale mail (worn)
 p - the +1 helmet "Vide" (worn) {Int+4 Dex+4}
   (You took it off Robin on level 2 of the Dungeon)

   Int:       It affects your intelligence (+4).
   Dex:       It affects your dexterity (+4).
Jewellery
 l - a +6 ring of intelligence (left hand)
 m - a +6 ring of intelligence
 n - a ring of protection from fire (right hand)
Scrolls
 d - 2 scrolls of identify
 e - a scroll of brand weapon
 f - a scroll of amnesia
 g - 2 scrolls of fear
 h - 4 scrolls of teleportation
 j - 3 scrolls of vulnerability
 o - a scroll of fog
Potions
 c - 2 potions of ambrosia
 k - a potion of magic
 q - a potion of flight
 s - a potion of heal wounds


   Skills:
 * Level 5.0 Fighting
 * Level 6.6 Axes
 * Level 2.6 Armour
 - Level 2.4 Dodging
 - Level 1.5 Stealth


You had 4 spell levels left.
You didn't know any spells.
Your spell library contained the following spells:

 Spells                   Type           Power      Damage    Failure   Level
 Necrotise                Necr           0%         1d4       61%         1
 Vampiric Draining        Necr           0%         2d6       93%         3
 Agony                    Necr           0%         N/A       100%        5


Dungeon Overview and Level Annotations

Branches:
Dungeon (4/15)
 Temple: D:4-7

Altars:

Shops:
D:2 [


Message History

The hound closely misses you. The hound bites you but does no damage.
You slash the hound!
You kill the hound!
You feel your strength returning.
Your Fighting skill increases to level 5!
You see here a hound corpse.
An endoplasm comes into view.
The endoplasm quivers.
A jelly comes into view.
You slash the endoplasm!
You kill the endoplasm!
The jelly hits you but does no damage. The jelly hits you but does no damage.
You hit the jelly.
Your hands burn!
The jelly is moderately wounded.
The jelly hits you but does no damage.
You hit the jelly.
Your hands burn!
The jelly is severely wounded.
The jelly hits you but does no damage.
You hit the jelly.
Your hands burn!
The jelly is severely wounded.
The jelly hits you but does no damage.
You hit the jelly.
Your hands burn!
The jelly is almost dead.
The jelly hits you. The acid corrodes you!
You are splashed with acid!
You hit the jelly but do no damage.
Your hands burn!
The jelly is almost dead.
The jelly hits you. The acid corrodes you!
You are splashed with acid!
The jelly hits you.
You are splashed with acid!
* * * LOW HITPOINT WARNING * * *
You barely miss the jelly.
The jelly is almost dead.
The jelly barely misses you.
You hit the jelly but do no damage. The acid corrodes you!
Your hands burn!
* * * LOW HITPOINT WARNING * * *
The jelly is almost dead.
The jelly hits you.
* * * LOW HITPOINT WARNING * * *
The acid corrodes you!
You are splashed with acid!
You die...

...........................###
.........................##
.................#
...........###..##
#.$........#†##
####...........##
#..............#
...##..J..##...##
#.....@..##.<.#
#.........##...#
#....#....##...#
...........##### ...........#
#.......#### ......### .....


You could see a jelly.

Vanquished Creatures
  A hound (D:4)
  A jelly (D:4)
  Robin (D:2)
  A gnoll (D:1)
  3 adders
  2 dart slugs (D:2)
  3 worms
  2 orcs
  5 ball pythons
  8 endoplasms
  7 giant cockroaches
  18 goblins
  5 hobgoblins
  10 kobolds
  5 quokkas
  6 bats
  5 frilled lizards
  4 rats
87 creatures vanquished.

Vanquished Creatures (others)
  2 plants (D:2)
2 creatures vanquished.

Grand Total: 89 creatures vanquished

Notes
Turn   | Place    | Note
-------+----------+-------------------------------------------
     0 | D:1      | dduke234 the Hill Orc Monk began the quest for the Orb.
     0 | D:1      | Reached XP level 1. HP: 19/19 MP: 1/1
   157 | D:1      | Reached XP level 2. HP: 27/27 MP: 2/2
   380 | D:1      | Reached XP level 3. HP: 28/33 MP: 3/3
   621 | D:1      | Reached skill level 5 in Axes
   661 | D:1      | Reached skill level 1 in Armour
  1099 | D:2      | Found Lollytwef's Antique Armour Shoppe.
  1149 | D:2      | Reached XP level 4. HP: 41/41 MP: 4/4
  1557 | D:2      | Identified the +1 helmet "Vide" {Int+4 Dex+4}
  1557 | D:2      | Noticed Robin
  1577 | D:2      | Killed Robin
  1732 | D:2      | Reached XP level 5. HP: 39/47 MP: 5/5
  2090 | D:3      | Reached skill level 6 in Axes
  2954 | D:4      | Reached skill level 5 in Fighting
  2973 | D:4      | Splashed by a jelly's acid

Illustrated notes

Levels and vault maps discovered:
D:1:      dpeg_arrival_chambers_temple_mockup, layout_rooms
D:2:      layout_basic, serial_glass, glass_columns_a, glass_columns_a,
          glass_columns_c, glass_columns_a, glass_columns_a, glass_columns_a,
          serial_shops, nicolae_square_shop, serial_bayou_pond_b,
          chequers_serial_rivers_large_a, chequers_serial_rivers_small_b,
          minmay_quadrilaterals, uniq_robin
D:3:      layout_basic
D:4:      layout_cave_pools, nicolae_elyvilon_peaceful_grove, serial_rivers,
          chequers_serial_rivers_room_a, chequers_serial_rivers_room_a,
          chequers_serial_rivers_micro_c, chequers_serial_rivers_micro_c,
          uniq_menkaure

Skill      XL: |  1  2  3  4  5 |
---------------+----------------+-----
Fighting       | 4 5 |  5.0
Axes           | 5 6 |  6.6
Armour         | 1 2 |  2.6
Dodging        | |  2.4
Stealth        | |  1.5

Action                     |  1- 3 |  4- 6 || total
---------------------------+-------+-------++-------
  Melee: Hand axe          |   122 |   129 ||   251
         Punch             |     1 |       ||     1
         War axe           |       |    24 ||    24
    Use: Scroll            |     4 |     4 ||     8
         Potion            |     1 |     5 ||     6
   Stab: Sleeping          |     1 |       ||     1
         Invisible         |       |     1 ||     1
 Armour: Robe              |     9 |       ||     9
         Scale mail        |    50 |    72 ||   122
  Dodge: Dodged            |    99 |    84 ||   183

Table legend: (Time is in decaauts)
 A = Elapsed time spent in this place.
 B = Non-inter-level travel time spent in this place.
 C = Inter-level travel time spent in this place.
 D = Time resting spent in this place.
 E = Time spent auto-exploring this place.
 F = Levels seen in this place.
 G = Mean time per level.
                   A        B        C        D        E       F      G
               +--------+--------+--------+--------+--------+-----+--------+
         Total |   2990 |   2988 |      2 |      0 |   1831 |   4 |  747.5 |
       Dungeon |   2990 |   2988 |      2 |      0 |   1831 |   4 |  747.5 |
               +--------+--------+--------+--------+--------+-----+--------+

Top non-repeatable levels by time:
     D:2: 1253 daAuts
     D:1: 841 daAuts
     D:3: 756 daAuts
     D:4: 139 daAuts
